 Dungeon Crawl Stone Soup version 0.29-a0-82-g837932c90e (webtiles) character file.

Game seed: 13907041724129745487

39 lordive the Sneak (level 3, 0/17 HPs)
             Began as a Spriggan Enchanter on Feb 5, 2022.
             Constricted to death by a ball python (1 damage)
             ... on level 3 of the Dungeon.
             The game lasted 00:03:26 (2066 turns).

lordive the Sneak (Spriggan Enchanter)              Turns: 2066, Time: 00:03:26

Health: 0/17       AC:  2    Str:  4    XL:     3   Next: 26%
Magic:  7/8        EV: 14    Int: 18    God:
Gold:   51         SH:  0    Dex: 15    Spells: 3/8 levels left

rFire   . . .      SeeInvis +   a - +1 dagger
rCold   . . .      Faith    .   (no shield)
rNeg    . . .      Spirit   .   b - +0 robe
rPois   .          Reflect  .   (helmet restricted)
rElec   .          Harm     .   (no cloak)
rCorr   .          Rampage  .   (gloves unavailable)
Will    .....                   (boots unavailable)
Stlth   +++.......              (no amulet)
HPRegen 0.05/turn               (no ring)
MPRegen 0.11/turn               (no ring)

@: constricted, very quick
A: very small, no large weapons, unfitting armour, see invisible, speed 3
a: no special abilities


You were on level 3 of the Dungeon.
You visited 1 branch of the dungeon, and saw 4 of its levels.

You collected 51 gold pieces.

Inventory:

Hand Weapons
 a - a +1 dagger (weapon)
 k - a +0 short sword of venom
Armour
 b - a +0 robe (worn)
Jewellery
 l - an amulet of faith
Wands
 m - a wand of digging (6)
Scrolls
 j - a scroll of fear {unknown}
Potions
 c - a potion of invisibility
 d - a potion of cancellation {unknown}
 e - a potion of brilliance {unknown}
 f - a potion of attraction {unknown}
 g - a potion of resistance {unknown}
 h - a potion of might {unknown}
 i - a potion of heal wounds {unknown}


   Skills:
 * Level 0.4 Fighting
 * Level 1.7 Short Blades
 * Level 0.2 Armour
 * Level 3.0 Dodging
 + Level 5.0 Stealth
 + Level 3.0 Spellcasting
 * Level 3.9 Hexes
 + Level 0.1 Ice Magic


You had 3 spell levels left.
You knew the following spells:

 Your Spells              Type           Power      Damage    Failure   Level
a - Ensorcelled Hibernat  Hex/Ice        20%        N/A       11%         2
b - Confusing Touch       Hex            16%        N/A       10%         3

Your spell library contained the following spells:

 Spells                   Type           Power      Damage    Failure   Level
 Tukima's Dance           Hex            16%        N/A       10%         3
 Dazzling Flash           Conj/Hex       18%        N/A       22%         3


Dungeon Overview and Level Annotations

Branches:
Dungeon (4/15)
 Temple: D:4-7

Altars:


Innate Abilities, Weirdness & Mutations

You are very small and have problems with some larger weapons.
You are too small for most types of armour.
You have supernaturally acute eyesight. (SInv)
You cover ground extremely quickly. (Speed+++)


Message History

You are too injured to fight recklessly!
Casting: Ensorcelled Hibernation (safe; 11% risk of failure)
Confirm with . or Enter, or press ? or * to list all spells.
Aiming: Ensorcelled Hibernation (safe; 11% risk of failure)
Press: ? - help, Shift-Dir - straight line, f - orc
Aim: an orc, wielding a +0 war axe and quivering boomerangs (lightly wounded, chance to affect: 61%)
The orc looks drowsy...
The helpless orc fails to defend itself.
You impale the orc!!
You kill the orc!
The goblin unwields a +0 hunting sling.
The goblin wields a +0 club.
The goblin barely misses you.
You closely miss the goblin. The goblin closely misses you.
You hit the goblin.
You kill the goblin!
You start resting.
An endoplasm comes into view.
An endoplasm is nearby!
There is a stone staircase leading down here.
You start resting.
An endoplasm is nearby!
An endoplasm is nearby!
A ball python comes into view.
The ball python hisses angrily.
The ball python closely misses you. The ball python misses you.
The ball python closely misses you. The ball python grabs you.
The ball python constricts you. The ball python completely misses you.
The ball python constricts you.
The ball python bites you but does no damage.
The ball python constricts you.
* * * LOW HITPOINT WARNING * * *
The ball python misses you. The ball python constricts you.
The ball python closely misses you. The ball python constricts you.
* * * LOW HITPOINT WARNING * * *
The ball python bites you.
* * * LOW HITPOINT WARNING * * *
The ball python constricts you.
* * * LOW HITPOINT WARNING * * *
The ball python closely misses you. The ball python constricts you.
You die...

### ##.. # #..# #. #..#
###.###..#
.........####
............@## #
.........))S.# # ##.
#...[...##...#.#
....##.#..#..†....#.#
... ................#
(#..##.#.J#.#...#.#####
..g..†....#.#.........#
......)....<....#.##..#
.#^.#..#..#.#.###.##..#


You could see a ball python.

Vanquished Creatures
  An orc (D:3)
  3 endoplasms
  8 goblins
  4 hobgoblins
  4 jackals
  A quokka (D:3)
  A ball python (D:2)
  2 frilled lizards
  5 kobolds
  4 rats
33 creatures vanquished.

Notes
Turn   | Place    | Note
-------+----------+-------------------------------------------
     0 | D:1      | lordive the Spriggan Enchanter began the quest for the Orb.
     0 | D:1      | Reached XP level 1. HP: 9/9 MP: 5/5
   675 | D:1      | Reached XP level 2. HP: 13/13 MP: 6/6
   678 | D:1      | Learned a level 2 spell: Ensorcelled Hibernation
  1785 | D:3      | Reached XP level 3. HP: 16/16 MP: 2/8
  1804 | D:3      | Learned a level 3 spell: Confusing Touch
  1980 | D:3      | Reached skill level 5 in Stealth
  2066 | D:3      | Constricted to death by a ball python

Illustrated notes

Levels and vault maps discovered:
D:1:      matt_arrival_refuge, layout_basic
D:2:      layout_rooms, basic_altar, shapermc_ecumenical_altar_totnotflames
D:3:      layout_basic
D:4:      layout_basic, gup_sewer_entry_pipe, minmay_misc_feat_diagonals,
          chequers_serial_rivers_large_b, minmay_misc_feat_more_columns,
          kennysheep_generic_room_4

Skill      XL: |  1  2  3 |
---------------+----------+-----
Dodging        | 3 |  3.0
Spellcasting   | 3 |  3.0
Stealth        | 5 |  5.0
Fighting       | |  0.4
Short Blades   | |  1.7
Armour         | |  0.2
Hexes          | |  3.9
Ice Magic      | |  0.1

Action                   || total
-------------------------++-------
Melee: Dagger            ||   116
       Punch             ||     1
 Cast: Ensorcelled Hiber ||    25
 Stab: Sleeping          ||    22
       Distracted        ||     1
Armor: Robe              ||    12
Dodge: Dodged            ||   110

Table legend: (Time is in decaauts)
 A = Elapsed time spent in this place.
 B = Non-inter-level travel time spent in this place.
 C = Inter-level travel time spent in this place.
 D = Time resting spent in this place.
 E = Time spent auto-exploring this place.
 F = Levels seen in this place.
 G = Mean time per level.
                   A        B        C        D        E       F      G
               +--------+--------+--------+--------+--------+-----+--------+
         Total |   1657 |   1642 |     15 |    128 |   1160 |   4 |  414.2 |
       Dungeon |   1657 |   1642 |     15 |    128 |   1160 |   4 |  414.2 |
               +--------+--------+--------+--------+--------+-----+--------+

Top non-repeatable levels by time:
     D:1: 1025 daAuts
     D:2: 464 daAuts
     D:3: 165 daAuts
     D:4: 1 daAuts
